 Dungeon Crawl Stone Soup version 0.20.1-1-g8b1a95d (webtiles) character file.

156 polve the Slasher (level 5, -16/41 HPs)
             Began as a Demonspawn Abyssal Knight on July 5, 2017.
             Was a Believer of Lugonu.
             Killed from afar by Ijyb (31 damage)
             ... with a wand of lightning (?/15)
             ... on level 4 of the Dungeon.
             The game lasted 00:03:22 (3604 turns).

polve the Slasher (Demonspawn Abyssal Knight)       Turns: 3604, Time: 00:03:23

Health: -16/41     AC: 10    Str: 12    XL:     5   Next: 14%
Magic:  6/6        EV: 11    Int: 14    God:    Lugonu [**....]
Gold:   129        SH:  0    Dex: 13    Spells: 4/4 levels left

rFire    . . .     SeeInvis .   v - +2 dagger (speed)
rCold    . . .     Gourm    .   (no shield)
rNeg     . . .     Faith    .   k - +0 leather armour (curse)
rPois    .         Spirit   .   e - +0 helmet
rElec    .         Reflect  .   (no cloak)
rCorr    .         Harm     .   (no gloves)
MR       .....                  (no boots)
Stlth    ++++......             o - amulet of regeneration
Regen    0.6/turn               (no ring)
MPRegen  0.1/turn               (no ring)

@: sanguine armour
A: nightstalker 3, sanguine armour 1
a: Depart the Abyss, Bend Space, Renounce Religion


You were on level 4 of the Dungeon.
You worshipped Lugonu.
Lugonu was pleased with you.
You were not hungry.

You visited 1 branch of the dungeon, and saw 4 of its levels.
You visited the Abyss 1 time.

You collected 129 gold pieces.

Inventory:

Hand Weapons
 a - a +1 falchion
 v - a +2 dagger of speed (weapon)
Armour
 e - a +0 helmet (worn)
 k - a cursed +0 leather armour (worn)
Jewellery
 o - an amulet of regeneration (around neck)
 u - a cursed -2 ring of strength {unknown}
Scrolls
 h - a scroll of blinking {unknown}
 i - a scroll of amnesia {unknown}
 j - a scroll of remove curse {unknown}
 m - a scroll of identify {unknown}
 n - 2 scrolls of magic mapping {unknown}
 t - a scroll of enchant weapon {unknown}
Potions
 b - a potion of heal wounds {unknown}
 g - a potion of invisibility {unknown}
 l - a potion of brilliance {unknown}
 q - a potion of berserk rage {unknown}
 r - 2 potions of lignification {unknown}
Comestibles
 c - 2 bread rations
 d - 3 meat rations
 f - a royal jelly
 p - 6 chunks of flesh
 s - 3 fruits


   Skills:
 - Level 3.0 Fighting
 - Level 4.7 Long Blades
 - Level 1.7 Armour
 - Level 0.8 Dodging
 + Level 1.0 Stealth
 - Level 2.4 Invocations


You had 4 spell levels left.
You didn't know any spells.

Dungeon Overview and Level Annotations

Branches:
Dungeon (4/15)
 Temple: D:4-7

Altars:
Nemelex Xobeh
The Shining One

Annotations:
D:4 Ijyb


Innate Abilities, Weirdness & Mutations

You are completely attuned to the shadows.
When seriously injured, your bleeding wounds create armour. (AC +6)


Message History

Ijyb zaps a wand.
The bolt of lightning hits you!
Ouch! That really hurt!
* * * LOW HITPOINT WARNING * * *
Your blood congeals into armour.
It is a wand of lightning (?/15).
There are monsters nearby!
There are monsters nearby!
Okay, then.
You closely miss Ijyb.
Ijyb is severely wounded.
You hit Ijyb but do no damage.
Ijyb is severely wounded.
Ijyb hits you but does no damage.
Unknown command.
You hit Ijyb but do no damage.
Ijyb is severely wounded.
You hit Ijyb.
Ijyb is almost dead.
Ijyb zaps a wand.
The bolt of lightning hits you!
Ouch! That really hurt!
You die...

...... ......#
.......#
.......####
a.........#
..%...###.###.
......##.<....
.....#########
....@# ...g.#
...... .......
....#..ยง


You could see Ijyb and a worker ant (sleeping).

Vanquished Creatures
  7 adders
  3 oozes
  2 dart slugs
  A leopard gecko (D:3)
  An orc (D:3)
  3 giant cockroaches
  17 goblins
  5 hobgoblins
  8 jackals
  3 ball pythons
  3 bats
  4 frilled lizards
  8 kobolds
  9 rats
74 creatures vanquished.

Notes
Turn   | Place    | Note
-------+----------+-------------------------------------------
     0 | Abyss:1  | polve the Demonspawn Abyssal Knight began the quest for the Orb.
     0 | Abyss:1  | Reached XP level 1. HP: 18/18 MP: 2/2
    93 | Abyss:1  | Found a corrupted altar of Lugonu.
   183 | Abyss:1  | Noticed an orange demon
   191 | D:1      | Escaped the Abyss
   390 | D:1      | Reached skill level 2 in Long Blades
   414 | D:1      | Gained mutation: When seriously injured, your bleeding wounds create armour. (AC +6) [demonic ancestry]
   414 | D:1      | Reached XP level 2. HP: 24/24 MP: 3/3
   485 | D:1      | Reached * piety under Lugonu
   849 | D:1      | Reached skill level 3 in Long Blades
  1214 | D:1      | Gained mutation: You are slightly more attuned to the shadows. [demonic ancestry]
  1214 | D:1      | Reached XP level 3. HP: 27/29 MP: 4/4
  1410 | D:2      | Found a glowing golden altar of the Shining One.
  2414 | D:2      | Reached skill level 4 in Long Blades
  2414 | D:2      | Gained mutation: You are significantly more attuned to the shadows. [demonic ancestry]
  2414 | D:2      | Reached XP level 4. HP: 33/35 MP: 5/5
  3199 | D:3      | Reached ** piety under Lugonu
  3213 | D:3      | Gained mutation: You are completely attuned to the shadows. [demonic ancestry]
  3213 | D:3      | Reached XP level 5. HP: 37/41 MP: 6/6
  3234 | D:3      | Found a sparkling altar of Nemelex Xobeh.
  3507 | D:3      | Reached skill level 1 in Stealth
  3591 | D:4      | Noticed Ijyb
  3604 | D:4      | Killed from afar by Ijyb

Skill      XL: |  1  2  3  4  5 |
---------------+----------------+-----
Long Blades    | 2 3 4 |  4.7
Stealth        | 1 |  1.0
Fighting       | |  3.0
Armour         | |  1.7
Dodging        | |  0.8
Invocations    | |  2.4

Action                   |  1- 3 |  4- 6 || total
-------------------------+-------+-------++-------
Melee: Falchion          |   125 |    73 ||   198
       Dagger            |       |    25 ||    25
Invok: Depart the Abyss  |     1 |       ||     1
 Stab: Sleeping          |     4 |    10 ||    14
  Eat: Chunk             |     5 |     4 ||     9
Armor: Leather armour    |    43 |    27 ||    70
Dodge: Dodged            |    82 |    46 ||   128
       Rpst.: Falchion   |    24 |    17 ||    41
